 Dungeon Crawl Stone Soup version 0.30-a0-728-gc68057be0a (webtiles) character file.

Game seed: 14777068031542424445

32 lessens the Grave Robber (level 3, -4/16 HPs)
             Began as a Vine Stalker Necromancer on Jan 31, 2023.
             Killed from afar by Natasha (9 damage)
             ... with a magic dart
             ... on level 2 of the Dungeon.
             The game lasted 00:02:44 (1500 turns).

lessens the Grave Robber (Vine Stalker Necromancer) Turns: 1500, Time: 00:02:45

Health: -4/16      AC:  2    Str: 12    XL:     3   Next: 25%
Magic:  0/7        EV: 12    Int: 15    God:
Gold:   47         SH:  0    Dex: 14    Spells: 3/7 levels left

rFire   . . .      SeeInvis .    j - +0 dagger
rCold   . . .      Faith    .    (no shield)
rNeg    . . .      Spirit   +    a - +0 robe
rPois   .          Reflect  .    (no helmet)
rElec   .          Harm     .    (no cloak)
rCorr   .          Rampage  .    (no gloves)
Will    .....                    (no boots)
Stlth   ++                       (no amulet)
HPRegen 0.22/turn                (no ring)
MPRegen 0.10/turn                (no ring)

@: slowed, very slow
A: fangs 2, magic shield, antimagic bite, no potion heal 2
a: no special abilities


You were on level 2 of the Dungeon.
You visited 1 branch of the dungeon, and saw 2 of its levels.

You collected 47 gold pieces.

Inventory:

Hand Weapons
 j - a +0 dagger (weapon)
Missiles
 c - 21 stones
Armour
 a - a +0 robe (worn)
 f - a scarf of invisibility
Scrolls
 d - a scroll of immolation {unknown}
 g - a scroll of noise {unknown}
 k - a scroll of summoning {unknown}
 m - a scroll of identify {unknown}
Potions
 b - a potion of magic
 e - a potion of flight {unknown}
 h - a potion of degeneration {unknown}
 i - a potion of mutation {unknown}
 l - a potion of resistance {unknown}


   Skills:
 + Level 0.9 Short Blades
 - Level 1.9 Dodging
 - Level 3.0 Stealth
 - Level 2.5 Spellcasting
 - Level 4.2 Necromancy


You had 3 spell levels left.
You knew the following spells:

 Your Spells              Type           Power      Damage    Failure   Level
a - Necrotise             Necr           56%        1d6       3%          1
b - Vampiric Draining     Necr           14%        2d7       11%         3

Your spell library contained the following spells:

 Spells                   Type           Power      Damage    Failure   Level
 Summon Small Mammal      Summ           4%         N/A       22%         1
 Call Canine Familiar     Summ           1%         N/A       54%         3
 Summon Guardian Golem    Hex/Summ       1%         N/A       54%         3
 Animate Dead             Necr           14%        N/A       36%         4
 Agony                    Necr           14%        N/A       71%         5


Dungeon Overview and Level Annotations

Branches:
Dungeon (2/15) Zot: 10497

Altars:

Annotations:
D:2 Natasha


Innate Abilities, Weirdness & Mutations

You have extremely sharp teeth.
When hurt, damage is shared between your health and your magic reserves.
Your bite disrupts and absorbs the magic of your enemies.
Potions cannot restore your health.


Message History

Aiming: Necrotise (safe; 3% risk of failure)
Press: ? - help, Q - select action, (/) - cycle Shift-Dir - straight line, f/p - Natasha
Aim: Natasha (chance to affect: 71%) Natasha writhes in agony.
Natasha howls an incantation.
Natasha's front paws start to glow.
Aiming: Necrotise (safe; 3% risk of failure)
Press: ? - help, Q - select action, (/) - cycle Shift-Dir - straight line, f/p - Natasha
Aim: Natasha (moderately wounded, chance to affect: 71%) Natasha struggles to resist.
Natasha drinks a potion.
Natasha's spells are empowered!
Aiming: Necrotise (safe; 3% risk of failure)
Press: ? - help, Q - select action, (/) - cycle Shift-Dir - straight line, f/p - Natasha
Aim: Natasha (moderately wounded, spells empowered, chance to affect: 71%) Natasha struggles to resist.
Aiming: Necrotise (safe; 3% risk of failure)
Press: ? - help, Q - select action, (/) - cycle Shift-Dir - straight line, f/p - Natasha
Aim: Natasha (moderately wounded, spells empowered, chance to affect: 71%) Natasha writhes in agony.
Natasha claws you but does no damage.
Aiming: Necrotise (safe; 3% risk of failure)
Press: ? - help, Q - select action, (/) - cycle Shift-Dir - straight line, f/p - Natasha
Aim: Natasha (moderately wounded, spells empowered, chance to affect: 71%) Natasha writhes in agony.
Natasha stares at you and mumbles some strange words.
You feel yourself slow down.
Aiming: Necrotise (safe; 3% risk of failure)
Press: ? - help, Q - select action, (/) - cycle Shift-Dir - straight line, f/p - Natasha
Aim: Natasha (moderately wounded, spells empowered, chance to affect: 71%) Natasha writhes in agony.
Natasha claws you!
j - a +0 dagger (weapon)
Natasha claws you.
* * * LOW HITPOINT WARNING * * *
You hit Natasha.
Natasha is severely wounded.
Natasha stares at you and mumbles some strange words.
The magic dart hits you!
Ouch! That really hurt!
You die...

# #. #..########
#........#
#.......)##.####
#....h@.<$......
#...?..!.#..###.
#...$....# ##
##########


You could see Natasha (empowered).

Vanquished Creatures
  3 ball pythons (D:1)
  3 bats (D:1)
  2 endoplasms (D:1)
  2 giant cockroaches (D:1)
  2 goblins (D:1)
  4 hobgoblins (D:1)
  3 jackals (D:1)
  4 kobolds (D:1)
  2 frilled lizards (D:1)
  2 rats (D:1)
27 creatures vanquished.

Notes
Turn   | Place    | Note
-------+----------+-------------------------------------------
     0 | D:1      | lessens the Vine Stalker Necromancer began the quest for
                  | the Orb.
     0 | D:1      | Reached XP level 1. HP: 9/9 MP: 4/4
   143 | D:1      | Reached XP level 2. HP: 13/13 MP: 1/6
   851 | D:1      | Reached XP level 3. HP: 16/16 MP: 4/7
   855 | D:1      | Learned a level 3 spell: Vampiric Draining
  1084 | D:1      | Found a faded altar of an unknown god.
  1489 | D:2      | Noticed Natasha
  1500 | D:2      | Killed from afar by Natasha

Illustrated notes

Levels and vault maps discovered:
D:1:      dpeg_arrival_solitude, layout_basic, basic_ecumenical_altar,
          hangedman_feature_mirror, chequers_serial_rivers_marsh
D:2:      layout_rooms, uniq_natasha

Skill      XL: |  1  2 |
---------------+-------+-----
Stealth        | 3 |  3.0
Short Blades   | |  0.9
Dodging        | |  1.9
Spellcasting   | |  2.5
Necromancy     | |  4.2

Action                     || total
---------------------------++-------
  Melee: Dagger            ||     1
   Cast: Necrotise         ||    61
 Armour: Robe              ||     2
  Dodge: Dodged            ||     8

Table legend: (Time is in decaauts)
 A = Elapsed time spent in this place.
 B = Non-inter-level travel time spent in this place.
 C = Inter-level travel time spent in this place.
 D = Time resting spent in this place.
 E = Time spent auto-exploring this place.
 F = Levels seen in this place.
 G = Mean time per level.
                   A        B        C        D        E       F      G
               +--------+--------+--------+--------+--------+-----+--------+
         Total |   1501 |   1480 |     21 |      0 |   1264 |   2 |  750.5 |
       Dungeon |   1501 |   1480 |     21 |      0 |   1264 |   2 |  750.5 |
               +--------+--------+--------+--------+--------+-----+--------+

Top non-repeatable levels by time:
     D:1: 1490 daAuts
     D:2: 11 daAuts
